 Dungeon Crawl Stone Soup version 0.28.0 (webtiles) character file.

Game seed: 18379476389721824163

3222 RighteousDevil the Grappler (level 9, -1/97 HPs)
             Began as a Troll Monk on Feb 15, 2022.
             Slain by a wyvern (9 damage)
             ... on level 7 of the Dungeon.
             The game lasted 00:10:40 (4721 turns).

RighteousDevil the Grappler (Troll Monk)            Turns: 4721, Time: 00:10:41

Health: -1/97      AC:  6    Str: 21    XL:     9   Next: 66%
Magic:  8/8        EV: 10    Int:  6    God:
Gold:   370        SH:  0    Dex: 16    Spells: 8/8 levels left

rFire   + + .      SeeInvis .     - Unarmed
rCold   + . .      Faith    .   (no shield)
rNeg    + . .      Spirit   .   j - +2 robe {rC+ rF+}
rPois   +          Reflect  .   (helmet restricted)
rElec   .          Harm     .   (no cloak)
rCorr   .          Rampage  .   (gloves unavailable)
Will    +....                   (boots unavailable)
Stlth   ++........              (no amulet)
HPRegen 1.06/turn               e - ring "Ulibeotse" {rPois rF+ Will+}
MPRegen 0.11/turn               q - ring of positive energy

@: no status effects
A: large, unfitting armour, claws 3, regeneration 1, shaggy fur 1, tough skin 1
a: no special abilities


You were on level 7 of the Dungeon.
You visited 1 branch of the dungeon, and saw 7 of its levels.

You collected 562 gold pieces.
You spent 192 gold pieces at shops.

Inventory:

Hand Weapons
 b - a +0 giant spiked club
Missiles
 o - a throwing net (quivered)
Armour
 j - a +2 robe of resistance (worn)
 t - a +0 kite shield
Jewellery
 e - the ring "Ulibeotse" (left claw) {rPois rF+ Will+}
   (You acquired it on level 4 of the Dungeon)

   [ring of protection from fire]

   rF:        It protects you from fire.
   rPois:     It protects you from poison.
   Will:      It increases your willpower.
 i - a +6 ring of dexterity
 k - a ring of protection from cold
 q - a ring of positive energy (right claw)
 u - a ring of protection from cold
Wands
 r - a wand of flame (7)
Scrolls
 a - a scroll of magic mapping
 d - 2 scrolls of enchant armour
 s - 2 scrolls of teleportation
Potions
 c - 3 potions of flight
 f - a potion of haste
 g - 4 potions of curing
 h - a potion of might
 l - 2 potions of heal wounds
 m - a potion of brilliance {unknown}
 n - 2 potions of attraction {unknown}
 p - 2 potions of magic


   Skills:
 + Level 8.5 Fighting
 - Level 2.4 Dodging
 - Level 1.0 Stealth
 + Level 10.2 Unarmed Combat


You had 8 spell levels left.
You didn't know any spells.
Your spell library contained the following spells:

 Spells                   Type           Power      Damage    Failure   Level
 Freeze                   Ice            0%         1d3       45%         1
 Static Discharge         Conj/Air       0%         N/A       58%         2
 Dazzling Flash           Conj/Hex       0%         N/A       83%         3
 Frozen Ramparts          Ice            0%         1d2       83%         3
 Gell's Gravitas          Tloc           0%         N/A       83%         3
 Teleport Other           Tloc           0%         N/A       83%         3
 Hailstorm                Conj/Ice       0%         3d3       99%         4
 Iskenderun's Mystic Bla  Conj/Tloc      0%         2d3       99%         4
 Lightning Bolt           Conj/Air       0%         1d11      100%        5
 Dispersal                Tloc           0%         N/A       100%        6
 Starburst                Conj/Fire      0%         6d3       100%        6
 Maxwell's Capacitive Co  Air            0%         ∞         100%        8


Dungeon Overview and Level Annotations

Branches:
Dungeon (7/15)
 Temple: D:4-7

Altars:
Cheibriados
Dithmenos
Fedhas
Gozag
Hepliaklqana
Kikubaaqudgha
Nemelex Xobeh
Trog
Vehumet
Zin

Shops:
D:1 (   D:2 [*?[[


Innate Abilities, Weirdness & Mutations

You are too large for most types of armour.
You have claws for hands.
Your natural rate of healing is unusually fast.
You are covered in fur. (AC +1)
You have tough skin. (AC +1)


Message History

You kill the orc!
Things that are here:
a +0 mace; a +0 leather armour; an orc corpse You mangle the bullfrog!!
You kill the bullfrog!
Menkaure calls on the powers of darkness!
Your body is wracked with pain!
A wyvern comes into view.
The wyvern hisses angrily.
You claw Menkaure!
Menkaure is severely damaged.
Menkaure casts a spell at you.
You easily resist.
You barely miss Menkaure.
Menkaure is heavily damaged.
Menkaure hits you but does no damage.
You scratch Menkaure but do no damage.
Menkaure is heavily damaged.
Menkaure calls on the powers of darkness!
Your body is wracked with pain!
The wyvern convulses!
You are too injured to fight recklessly!
You are too injured to fight recklessly!
You are too injured to fight recklessly!
Unknown command.
You mangle Menkaure!!
You destroy Menkaure!
The wyvern barely misses you.
You scratch the wyvern.
The wyvern is heavily wounded.
The wyvern bites you.
You scratch the wyvern but do no damage.
The wyvern is heavily wounded.
The wyvern bites you!
* * * LOW HITPOINT WARNING * * *
You closely miss the wyvern. Your claw misses the wyvern.
The wyvern is heavily wounded.
The wyvern bites you!
* * * LOW HITPOINT WARNING * * *
The wyvern bites you!
You die...

#####.....#
#....######.#
#....'......#
..######....########
.............>.....
#.########.......##
#..#..#.#
#########.####.#
......l@)......#
.#..........####
#..........+
............#
#...........#
#...........#
#...........#
##.######...+


You could see a wyvern.

Vanquished Creatures
  Pikel (D:6)
  Eustachio (D:6)
  Menkaure (D:7)
  2 orc warriors (D:6)
  2 sky beasts
  A black bear (D:5)
  A hornet zombie (D:6)
  5 ogres
  A centaur (D:7)
  A lemure (D:6)
  A phantom (D:6)
  Blork the orc (D:6)
  2 bullfrogs
  A scorpion (D:6)
  3 wights (D:4)
  A howler monkey (D:4)
  A bullfrog zombie (D:6)
  2 hounds
  An orc priest (D:6)
  A gnoll shaman (D:5)
  3 jellies (D:5)
  4 bullfrog skeletons
  An iguana (D:6)
  Terence (D:3)
  5 orc wizards
  Natasha (thrice) (D:3)
  A hound zombie (D:5)
  2 hound skeletons
  Robin (D:3)
  A howler monkey skeleton (D:5)
  8 gnolls
  7 adders
  2 white imps (D:6)
  2 ufetubi
  3 worms
  19 orcs
  8 endoplasms
  3 giant cockroaches
  10 hobgoblins
  7 jackals
  A quokka (D:5)
  7 ball pythons
  2 bats (D:1)
  2 frilled lizards
  13 goblins
  8 kobolds
  5 rats
159 creatures vanquished.

Notes
Turn   | Place    | Note
-------+----------+-------------------------------------------
     0 | D:1      | RighteousDevil the Troll Monk began the quest for the Orb.
     0 | D:1      | Reached XP level 1. HP: 22/22 MP: 0/0
   139 | D:1      | Reached XP level 2. HP: 29/29 MP: 1/1
   276 | D:1      | Found Unumo's Antique Weapon Shop.
   452 | D:2      | Found Ynuniga's General Store.
   460 | D:2      | Bought a potion of curing for 36 gold pieces
   529 | D:2      | Reached XP level 3. HP: 35/37 MP: 2/2
   533 | D:2      | Found Soroseh's Armour Boutique.
   642 | D:2      | Found Irerrixoe's Antique Armour Boutique.
   652 | D:2      | Bought a runed robe for 107 gold pieces
   673 | D:2      | Found a faded altar of an unknown god.
   796 | D:2      | Found Jeaxzaer's Magic Scroll Emporium.
   813 | D:2      | Bought a scroll of magic mapping for 49 gold pieces
  1096 | D:2      | Found Jurgh's Antique Armour Shop.
  1152 | D:3      | Reached skill level 4 in Unarmed Combat
  1160 | D:3      | Noticed Terence
  1179 | D:3      | Killed Terence
  1180 | D:3      | Reached XP level 4. HP: 33/45 MP: 3/3
  1258 | D:3      | Found a bloodstained altar of Trog.
  1397 | D:3      | Reached XP level 5. HP: 52/54 MP: 4/4
  1496 | D:3      | Noticed Natasha
  1504 | D:3      | Killed Natasha
  1555 | D:3      | Noticed Natasha
  1559 | D:3      | Killed Natasha
  1718 | D:3      | Noticed Natasha
  1723 | D:3      | Killed Natasha
  1724 | D:3      | Reached skill level 5 in Unarmed Combat
  1756 | D:3      | Noticed Robin
  1765 | D:3      | Killed Robin
  1859 | D:4      | Noticed an ogre
  1876 | D:4      | Killed an ogre
  1877 | D:4      | Reached XP level 6. HP: 28/63 MP: 5/5
  1891 | D:4      | Identified the +4 scale mail of Modesty {Dex+7 Stlth-}
  2130 | D:4      | Reached skill level 5 in Fighting
  2130 | D:4      | Reached skill level 6 in Unarmed Combat
  2131 | D:4      | Reached XP level 7. HP: 70/72 MP: 6/6
  2169 | D:4      | Identified a scroll of acquirement
  2169 | D:4      | Acquired the ring "Ulibeotse" {rPois rF+ Will+}
  2292 | D:4      | Found a shadowy altar of Dithmenos.
  2340 | D:4      | Found a hazy altar of Hepliaklqana.
  2627 | D:4      | Found a sparkling altar of Nemelex Xobeh.
  2848 | D:4      | Found a snail-covered altar of Cheibriados.
  2940 | D:4      | Found an opulent altar of Gozag.
  3031 | D:5      | Entered Level 5 of the Dungeon
  3085 | D:5      | Reached skill level 7 in Unarmed Combat
  3146 | D:5      | Found a radiant altar of Vehumet.
  3200 | D:5      | Reached XP level 8. HP: 79/83 MP: 7/7
  3534 | D:5      | Reached skill level 8 in Unarmed Combat
  3762 | D:6      | You fall into a shaft and drop 1 floor!
  3784 | D:6      | Noticed Blork the orc
  3789 | D:6      | Killed Blork the orc
  3872 | D:6      | Noticed Eustachio
  3886 | D:6      | Killed Eustachio
  4031 | D:6      | Found an ancient bone altar of Kikubaaqudgha.
  4031 | D:6      | Found a glowing silver altar of Zin.
  4064 | D:6      | Reached XP level 9. HP: 92/93 MP: 8/8
  4070 | D:6      | Reached skill level 9 in Unarmed Combat
  4124 | D:6      | Found a blossoming altar of Fedhas.
  4167 | D:6      | Noticed Pikel
  4180 | D:6      | Killed Pikel
  4552 | D:6      | Reached skill level 10 in Unarmed Combat
  4708 | D:7      | Noticed Menkaure
  4717 | D:7      | Killed Menkaure
  4721 | D:7      | Slain by a wyvern

Illustrated notes

Levels and vault maps discovered:
D:1:      lightli_arrival_quake, layout_rooms, serial_shops,
          nicolae_shop_statue_plus, minmay_pentomino_t4
D:2:      layout_basic, serial_shops, shop_coins, nicolae_shop_crystal,
          shop_fountains, shop_coins, nicolae_lakefront_shop,
          ebering_ecumenical_altar_hall
D:3:      layout_loops_cross, mainiacjoe_overflow_chevrons, uniq_terence,
          uniq_natasha, uniq_robin
D:4:      layout_cave_pods, marbit_many_paths, old_standard_altar,
          nicolae_gozag_cash_rules_everything_around_me, slow_altar_2,
          kennysheep_mini_moat
D:5:      layout_cave_pools, old_standard_altar, abandoned_shop
D:6:      layout_rooms, fedhas_ov_isle_minmay, gammafunk_temple_overflow_wave,
          minmay_fractal_squares_gapless_5, uniq_eustachio, uniq_pikel,
          uniq_blork_the_orc
D:7:      layout_basic, yredelemnul_altar_generic, temple_green, serial_shops,
          kennysheep_mini, uniq_menkaure

Skill      XL: |  1  2  3  4  5  6  7  8  9 |
---------------+----------------------------+-----
Fighting       | 3 4 5 6 7 8 |  8.5
Unarmed Combat | 4 5 6 7 8 10 | 10.2
Dodging        | |  2.4
Stealth        | |  1.0

Action                   |  1- 3 |  4- 6 |  7- 9 || total
-------------------------+-------+-------+-------++-------
Melee: Unarmed           |   100 |   128 |   248 ||   476
       Punch             |     1 |     6 |    12 ||    19
Throw: Throwing net      |       |       |     1 ||     1
  Use: Scroll            |     2 |     4 |     9 ||    15
       Potion            |       |       |     2 ||     2
 Stab: Sleeping          |     5 |       |     2 ||     7
       Distracted        |     1 |       |       ||     1
       Held in net/web   |       |       |     1 ||     1
Armor: Robe              |    22 |    45 |    67 ||   134
Dodge: Dodged            |    37 |    55 |   117 ||   209
